 Dungeon Crawl Stone Soup version 0.31-a0-466-g98c9adc2b6 (webtiles) character file.

Game seed: 14445390687259831262

532 phazedk the Slasher (level 7, -7/56 HPs)
             Began as a Gnoll Reaver on Aug 5, 2023.
             Mangled by a gnoll
             ... wielding a +0 flail
              (13 damage)
             ... on level 4 of the Dungeon.
             The game lasted 00:09:49 (3512 turns).

phazedk the Slasher (Gnoll Reaver)                  Turns: 3512, Time: 00:09:50

Health: -7/56      AC:  4    Str: 14    XL:     7   Next: 24%
Magic:  13/15      EV: 13    Int: 12    God:
Gold:   124        SH:  0    Dex: 10    Spells: 14/17 levels left

rFire   . . .        a - +0 falchion
rCold   . . .        (no shield)
rNeg    . . .        o - +2 robe {Will+}
rPois   .            (helmet currently unavailable)
rElec   .            (cloak currently unavailable)
rCorr   .            (gloves currently unavailable)
SInv    .            (boots currently unavailable)
Will    +....        (no amulet)
Stlth   ++           (no ring)
HPRegen 0.29/turn    (no ring)
MPRegen 0.14/turn

%: no passive effects
@: beast-form
A: beast (slay +1), fangs 1, strong nose, distributed training
a: Begin Untransformation


You were on level 4 of the Dungeon.
You were a hulking beast.
You visited 1 branch of the dungeon, and saw 4 of its levels.

You collected 124 gold pieces.

Inventory:

Hand Weapons
 a - a +0 falchion (weapon)
Missiles
 p - 5 poisoned darts
Armour
 c - a +0 chain mail
 j - a +0 plate armour
 o - a +2 robe of willpower (worn)
 q - a +2 helmet
Jewellery
 n - a +4 ring of protection
Talismans
 e - a beast talisman (active)
Scrolls
 b - a scroll of summoning {unknown}
 f - a scroll of identify {unknown}
 h - a scroll of immolation {unknown}
 l - a scroll of revelation {unknown}
 m - a scroll of enchant weapon {unknown}
 r - a scroll of teleportation {unknown}
Potions
 d - 2 potions of brilliance {unknown}
 g - 3 potions of curing {unknown}
 i - 3 potions of haste {unknown}
 k - 2 potions of attraction {unknown}


   Skills:
 + Level 5.2 Fighting
 + Level 2.4 Short Blades
 + Level 7.0 Long Blades
 + Level 2.4 Axes
 + Level 2.4 Maces & Flails
 + Level 2.4 Polearms
 + Level 2.4 Staves
 + Level 2.4 Ranged Weapons
 + Level 2.4 Throwing
 + Level 2.4 Armour
 + Level 5.2 Dodging
 + Level 2.4 Stealth
 + Level 2.4 Shields
 + Level 2.4 Unarmed Combat
 + Level 5.6 Spellcasting
 + Level 5.8 Conjurations
 + Level 2.0 Hexes
 + Level 2.0 Summonings
 + Level 2.0 Necromancy
 + Level 2.0 Translocations
 + Level 2.0 Transmutations
 + Level 2.0 Fire Magic
 + Level 2.0 Ice Magic
 + Level 2.0 Air Magic
 + Level 2.0 Earth Magic
 + Level 2.0 Poison Magic
 + Level 2.6 Invocations
 + Level 2.4 Evocations
 + Level 2.0 Shapeshifting


You had 14 spell levels left.
You knew the following spells:

 Your Spells              Type           Power      Damage    Failure   Level
a - Kiss of Death         Conj/Necr      48%        2d9       3%          1
b - Momentum Strike       Conj/Tloc      24%        3d8       6%          2

Your spell library contained the following spells:

 Spells                   Type           Power      Damage    Failure   Level
 Hailstorm                Conj/Ice       12%        3d5       12%         3
 Gell's Gravitas          Tloc           8%         N/A       26%         3
 Teleport Other           Tloc           8%         N/A       26%         3
 Tukima's Dance           Hex            8%         N/A       26%         3
 Passage of Golubria      Tloc           8%         N/A       63%         4
 Yara's Violent Unravell  Hex/Tmut       4%         3d4       93%         5
 Dispersal                Tloc           4%         N/A       100%        6


Dungeon Overview and Level Annotations

Branches:
Dungeon (4/15)
 Temple: D:4-7

Altars:
Gozag
Kikubaaqudgha
Trog

Shops:
D:3 [


Innate Abilities, Weirdness & Mutations

You are a hulking beast.
Your limbs bulge with bestial killing power. (Slay +1)
You have very sharp teeth.
Your uncanny sense of smell can sniff out nearby items.
Your experience applies equally to all skills.


Message History

A gnoll comes into view. It is wielding a +0 club.
The orc barely misses you.
You barely miss the orc.
The orc is heavily wounded.
The gnoll hits you from afar with a +0 spear.
The orc hits you with a +0 dagger.
You barely miss the orc.
The orc is heavily wounded.
The gnoll hits you from afar with a +0 spear.
The orc hits you with a +0 dagger.
You hit the orc.
You kill the orc!
The gnoll barely misses you.
You hit the gnoll but do no damage. The gnoll hits you with a +0 flail.
The gnoll completely misses you. The gnoll barely misses you.
You hit the gnoll.
The gnoll is moderately wounded.
The gnoll hits you with a +0 flail. The gnoll barely misses you.
The gnoll hits you with a +0 club.
You closely miss the gnoll. Your bite misses the gnoll.
The gnoll is moderately wounded.
The gnoll barely misses you. The gnoll hits you but does no damage.
The gnoll hits you with a +0 club.
You barely miss the gnoll.
The gnoll is moderately wounded.
The gnoll closely misses you. The gnoll barely misses you.
The gnoll hits you with a +0 club!
* * * LOW HITPOINT WARNING * * *
You hit the gnoll.
The gnoll is severely wounded.
The gnoll hits you with a +0 flail.
* * * LOW HITPOINT WARNING * * *
The gnoll hits you from afar with a +0 spear.
* * * LOW HITPOINT WARNING * * *
The gnoll hits you with a +0 club.
* * * LOW HITPOINT WARNING * * *
You completely miss the gnoll.
The gnoll is severely wounded.
The gnoll hits you with a +0 flail!
You die...

...).##................#..g.o
.....................g..o....
....................#........
....................#.#......
...................o......<..
...............###'###.......
...............# #.# .......
..............g###.###.......
.###.......oghg_..'.#.....
#........#######...####
###......# ### .... #......#
### #.##.... #. ..... #
...... ......


You could see an orc priest and 3 gnolls.

Vanquished Creatures
  A black bear (D:4)
  A scorpion (D:4)
  Dowan (D:4)
  A vampire bat (D:3)
  An orc priest (D:3)
  An iguana (D:3)
  An orc wizard (D:3)
  Robin (D:4)
  A gnoll (D:4)
  2 adders (D:3)
  A worm (D:3)
  3 dart slugs (D:3)
  3 fire bats (D:3)
  7 orcs
  2 spectral bats (D:3)
  6 ball pythons
  3 bat skeletons (D:3)
  7 endoplasms
  2 giant cockroaches (D:3)
  13 goblins
  6 hobgoblins
  5 quokkas
  11 bats
  A bat simulacrum (D:3)
  6 frilled lizards
  6 kobolds
  4 rats
  A spectral goblin (D:1)
98 creatures vanquished.

Vanquished Creatures (others)
  A wizard (D:3)
  A bat zombie (D:3)
2 creatures vanquished.

Grand Total: 100 creatures vanquished

Notes
Turn   | Place    | Note
-------+----------+-------------------------------------------
     0 | D:1      | phazedk the Gnoll Reaver began the quest for the Orb.
     0 | D:1      | Reached XP level 1. HP: 20/20 MP: 6/6
   132 | D:1      | Found a faded altar of an unknown god.
   232 | D:1      | Reached XP level 2. HP: 26/26 MP: 7/7
  1182 | D:2      | Reached XP level 3. HP: 25/31 MP: 9/9
  1185 | D:2      | Learned a level 2 spell: Momentum Strike
  1233 | D:2      | Reached skill level 5 in Spellcasting
  1453 | D:3      | Found an ancient bone altar of Kikubaaqudgha.
  1551 | D:3      | Reached skill level 1 in Invocations
  1699 | D:3      | Reached skill level 1 in Short Blades
  1699 | D:3      | Reached skill level 1 in Axes
  1699 | D:3      | Reached skill level 1 in Maces & Flails
  1699 | D:3      | Reached skill level 1 in Polearms
  1699 | D:3      | Reached skill level 1 in Staves
  1699 | D:3      | Reached skill level 1 in Ranged Weapons
  1699 | D:3      | Reached skill level 1 in Throwing
  1699 | D:3      | Reached skill level 1 in Armour
  1699 | D:3      | Reached skill level 1 in Stealth
  1699 | D:3      | Reached skill level 1 in Shields
  1699 | D:3      | Reached skill level 1 in Unarmed Combat
  1699 | D:3      | Reached skill level 1 in Evocations
  1857 | D:3      | Found Tiosamymm's Armour Shop.
  1895 | D:3      | Reached XP level 4. HP: 33/34 MP: 11/11
  1904 | D:3      | Reached skill level 1 in Hexes
  1904 | D:3      | Reached skill level 1 in Summonings
  1904 | D:3      | Reached skill level 1 in Necromancy
  1904 | D:3      | Reached skill level 1 in Translocations
  1904 | D:3      | Reached skill level 1 in Transmutations
  1904 | D:3      | Reached skill level 1 in Fire Magic
  1904 | D:3      | Reached skill level 1 in Ice Magic
  1904 | D:3      | Reached skill level 1 in Air Magic
  1904 | D:3      | Reached skill level 1 in Earth Magic
  1904 | D:3      | Reached skill level 1 in Poison Magic
  1904 | D:3      | Reached skill level 1 in Shapeshifting
  2117 | D:3      | Found a bloodstained altar of Trog.
  2183 | D:3      | Noticed a wizard
  2186 | D:3      | Killed a wizard
  2405 | D:3      | Reached XP level 5. HP: 42/43 MP: 12/12
  2779 | D:4      | Noticed Robin
  2835 | D:3      | Reached XP level 6. HP: 49/50 MP: 9/14
  2852 | D:3      | Reached skill level 5 in Fighting
  2852 | D:3      | Reached skill level 5 in Dodging
  3005 | D:4      | Killed Robin
  3011 | D:4      | Noticed a black bear
  3056 | D:4      | Noticed Dowan
  3059 | D:4      | Killed Dowan
  3218 | D:4      | Killed a black bear
  3219 | D:4      | Reached skill level 7 in Long Blades
  3219 | D:4      | Reached XP level 7. HP: 13/56 MP: 12/15
  3471 | D:4      | Found an opulent altar of Gozag.
  3512 | D:4      | Mangled by a gnoll

Illustrated notes

Levels and vault maps discovered:
D:1:      lightli_iron_boxes, layout_loops_ring,
          dreamdust_ecumenical_altar_drowned_temple
D:2:      layout_loops_ring, minmay_door_square
D:3:      layout_basic, mainiacjoe_overflow_chevrons, trog_wizard, serial_shops,
          nicolae_shop_trees, goddamned_bats
D:4:      layout_basic, lemuel_doored_altar, nicolae_overflow_squiral,
          minmay_temple_entry_fiery, uniq_robin, uniq_duvessa, uniq_grinder

Skill      XL: |  1  2  3  4  5  6  7 |
---------------+----------------------+-----
Spellcasting   | 5 |  5.6
Invocations    | 1 2 |  2.6
Short Blades   | 1 2 |  2.4
Axes           | 1 2 |  2.4
Maces & Flails | 1 2 |  2.4
Polearms       | 1 2 |  2.4
Staves         | 1 2 |  2.4
Ranged Weapons | 1 2 |  2.4
Throwing       | 1 2 |  2.4
Armour         | 1 2 |  2.4
Stealth        | 1 2 |  2.4
Shields        | 1 2 |  2.4
Unarmed Combat | 1 2 |  2.4
Evocations     | 1 2 |  2.4
Hexes          | 1 2 |  2.0
Summonings     | 1 2 |  2.0
Necromancy     | 1 2 |  2.0
Translocations | 1 2 |  2.0
Transmutations | 1 2 |  2.0
Fire Magic     | 1 2 |  2.0
Ice Magic      | 1 2 |  2.0
Air Magic      | 1 2 |  2.0
Earth Magic    | 1 2 |  2.0
Poison Magic   | 1 2 |  2.0
Shapeshifting  | 1 2 |  2.0
Fighting       | 5 |  5.2
Dodging        | 5 |  5.2
Long Blades    | 7 |  7.0
Conjurations   | |  5.8

Action                     |  1- 3 |  4- 6 |  7- 9 || total
---------------------------+-------+-------+-------++-------
  Melee: Falchion          |   125 |   137 |    25 ||   287
         Bite              |     8 |    13 |     3 ||    24
         Punch             |     1 |     3 |       ||     4
  Throw: Dart              |       |     3 |       ||     3
   Cast: Momentum Strike   |     3 |     8 |     2 ||    13
         Kiss of Death     |     1 |     1 |       ||     2
 Armour: Leather armour    |    18 |       |       ||    18
         Robe              |     7 |    68 |     1 ||    76
  Dodge: Dodged            |    77 |   188 |    15 ||   280
   Form: Beast             |     1 |       |       ||     1

Table legend: (Time is in decaauts)
 A = Elapsed time spent in this place.
 B = Non-inter-level travel time spent in this place.
 C = Inter-level travel time spent in this place.
 D = Time resting spent in this place.
 E = Time spent auto-exploring this place.
 F = Levels seen in this place.
 G = Mean time per level.
                   A        B        C        D        E       F      G
               +--------+--------+--------+--------+--------+-----+--------+
         Total |   3511 |   3244 |    267 |    418 |   1952 |   4 |  877.8 |
       Dungeon |   3511 |   3244 |    267 |    418 |   1952 |   4 |  877.8 |
               +--------+--------+--------+--------+--------+-----+--------+

Top non-repeatable levels by time:
     D:3: 1479 daAuts
     D:2: 788 daAuts
     D:1: 746 daAuts
     D:4: 496 daAuts
